Map: Dusty Gorge

Players

Bubler

  • Race: Zerg Zerg
  • League: Master
  • Spawn Location: 5:00

Xelan

  • Race: Terran Terran
  • League: Master
  • Spawn Location: 3:00

LOADBLASTER - Winner!

  • Race: Terran Terran
  • League: Master
  • Spawn Location: 9:00

PureLegacy - Winner!

  • Race: Terran Terran
  • Spawn Location: 11:00

VOD

Have the link to the VOD?

Description

Time

  • Played on: Nov. 26, 2018, 3:14 p.m.
  • Length: 3:42
Show
View Real Time Build Order
Export as new Build Order

Bubler Zerg 

Build Orders: Hatch First 

Get SALT Encoding   

  12  0:00  Drone  
  13  0:12  Overlord  
  13  0:18  Drone  
  14  0:31  Drone x2  
  14  0:35  Drone  
  17  0:53  Hatchery  
  17  0:56  Drone  
  17  0:59  Drone  
  18  1:10  Extractor  
  17  1:13  Spawning Pool  
  17  1:16  Drone  
  17  1:20  Drone  
  18  1:28  Drone  
  19  1:51  Overlord  
  19  1:57  Drone  
  20  2:01  Queen  
  20  2:05  Queen  
  20  2:06  Zergling x4  
  26  2:13  Metabolic Boost  
  26  2:15  Drone  
  27  2:21  Drone  
  28  2:31  Zergling x4  
  30  2:44  Overlord  
  30  2:46  Queen x2  
  34  3:04  Drone x4  
  34  3:05  Drone  
  39  3:12  Zergling x2  
  39  3:13  Zergling x10  
  44  3:21  Overlord  
Show
View Real Time Build Order
Export as new Build Order

Xelan Terran 

Build Orders: Reaper Expand 

Get SALT Encoding   

  12  0:00  SCV  
  13  0:13  SCV  
  14  0:18  Supply Depot  
  14  0:25  SCV  
  15  0:39  SCV  
  15  0:40  Barracks  
  16  0:44  Refinery  
  16  0:51  SCV  
  17  1:03  SCV  
  18  1:16  SCV  
  19  1:28  Orbital Command  
  19  1:30  Reaper  
  20  1:44  Command Center  
  20  1:49  Refinery  
  20  1:53  SCV  
  21  2:03  Reaper  
  21  2:05  Supply Depot  
  21  2:06  SCV  
  23  2:20  Factory  
  23  2:27  SCV  
  24  2:39  SCV  
  24  2:40  Barracks Reactor  
  24  2:43  Supply Depot  
  23  2:51  SCV  
Show
View Real Time Build Order
Export as new Build Order

LOADBLASTER Terran - Winner!

Build Orders:  

Get SALT Encoding   

  12  0:00  SCV  
  13  0:12  SCV  
  14  0:18  Supply Depot  
  14  0:25  SCV  
  15  0:40  SCV  
  16  0:43  Barracks  
  16  0:45  Refinery  
  16  0:52  SCV  
  17  1:04  SCV  
  18  1:16  SCV  
  19  1:30  Marine, Orbital Command  
  20  1:48  Command Center  
  20  1:58  Factory  
  20  2:03  SCV  
  20  2:05  Barracks Reactor  
  21  2:12  Supply Depot  
  22  2:15  SCV  
  22  2:20  Refinery  
  22  2:27  SCV  
  23  2:39  SCV  
  23  2:45  Factory  
  23  2:50  Hellion  
  25  2:52  Hellion, SCV, Barracks Tech Lab  
  28  3:01  Orbital Command  
  28  3:06  SCV  
  28  3:12  Hellion  
  31  3:16  Hellion  
  33  3:20  SCV  
  34  3:27  SCV  
Show
View Real Time Build Order
Export as new Build Order

PureLegacy Terran - Winner!

Build Orders:  

Get SALT Encoding   

  12  0:01  SCV  
  13  0:13  SCV  
  14  0:18  Supply Depot  
  14  0:25  SCV  
  15  0:30  Refinery  
  15  0:40  SCV  
  16  0:45  Barracks  
  16  0:52  SCV  
  17  1:03  Barracks  
  17  1:18  Barracks  
  17  1:22  SCV  
  18  1:33  Reaper  
  19  1:40  Orbital Command  
  19  1:48  Refinery  
  19  1:50  Reaper  
  20  2:02  Supply Depot  
  20  2:04  Reaper  
  21  2:10  Reaper  
  22  2:18  SCV  
  23  2:23  Reaper  
  23  2:29  Supply Depot  
  24  2:37  Reaper  
  25  2:40  SCV  
  25  2:42  Reaper  
  27  2:52  SCV  
  27  2:55  Reaper  
  29  3:09  Reaper  
  30  3:19  Command Center  
Tags
 
Add a new tag
Caveats
  • Supply blocks, unpowered buildings, or Contaminate may cause inaccurate times.
  • Supply counts are checked every 10 seconds.